 Dungeon Crawl Stone Soup version 0.31-a0-177-g4aa6249778 (webtiles) character file.

Game seed: 10781049106302067164

23618 qw the Cleaver (level 13, 0/82 HPs)
             Began as a Gargoyle Fighter on June 18, 2023.
             Was a High Priest of Okawaru.
             Slain by a cane toad (11 damage)
             ... on level 3 of the Lair of Beasts.
             The game lasted 00:06:30 (11911 turns).

qw the Cleaver (Gargoyle Fighter)                  Turns: 11911, Time: 00:06:30

Health: 0/82       AC: 42    Str: 24    XL:     13   Next: 7%
Magic:  18/18      EV:  9    Int: 15    God:    Okawaru [*****.]
Gold:   569        SH:  6    Dex:  9    Spells: 12/12 levels left

rFire   + . .        Y - +0 war axe
rCold   . . .        c - +0 buckler
rNeg    + . .        b - +7 plate armour of Poor Excuses {rPois rF+}
rPois   inf          (helmet restricted)
rElec   +            h - +0 cloak
rCorr   +            p - +1 pair of gloves
SInv    .            m - -1 pair of boots "Teellol" {rCorr}
Will    .....        z - amulet of faith Stlth
                     v - ring "Fetsaph" {Will- rCorr AC+4 Int+5}
HPRegen 0.33/turn    a - ring of willpower
MPRegen 0.16/turn

%: faith
@: heroic
A: sickness immunity, AC +9, negative energy resistance 1, electricity
resistance, torment resistance 1, petrification resistance, horns 1, low MP 1,
noise suppression
a: Renounce Religion, Heroism, Finesse, Duel


You were on level 3 of the Lair of Beasts.
You worshipped Okawaru.
Okawaru was extremely pleased with you.
You visited 3 branches of the dungeon, and saw 12 of its levels.

You collected 569 gold pieces.


Innate Abilities, Weirdness & Mutations

You are immune to sickness and miasma.
Your stone body is resilient. (AC +9)
You are immune to poison.
You resist negative energy. (rN+)
You are resistant to electric shocks. (rElec)
You are resistant to unholy torment.
You are immune to petrification.
You have a pair of small horns on your head.
Your magical capacity is low. (-10% MP)
You passively dampen the noise of your surroundings.


   Skills:
 - Level 10.0(15.0) Fighting
 + Level 13.1(18.1) Axes
 - Level 2.5(7.5) Throwing
 - Level 10.0(15.0) Armour
 - Level 2.0(7.0) Dodging
 - Level 6.2(11.2) Shields
 - Level 10.1 Invocations


You had 12 spell levels left.
You didn't know any spells.
Your spell library was empty.

Inventory:

Hand Weapons
 o - a +2 morningstar of protection
 u - a +1 antimagic broad axe
 Y - a +0 war axe (weapon)
Missiles
 r - a boomerang (quivered)
Armour
 b - the +7 plate armour of Poor Excuses (worn) {rPois rF+}
   (You acquired it on level 3 of the Dungeon)

   rF:        It protects you from fire.
   rPois:     It protects you from poison.
 c - a +0 buckler (worn)
 h - a +0 cloak (worn)
 m - the -1 pair of boots "Teellol" (worn) {rCorr}
   (You acquired it on level 7 of the Dungeon)

   rCorr:     It protects you from acid and corrosion.
 p - a +1 pair of gloves (worn)
 y - the +7 chain mail "Kudyaq" {rElec rF- rC+++ Int-4 Dex+4}
   (You found it on level 7 of the Dungeon)

   Int:       It affects your intelligence (-4).
   Dex:       It affects your dexterity (+4).
   rF:        It makes you vulnerable to fire.
   rC:        It renders you almost immune to cold.
   rElec:     It insulates you from electricity.
Jewellery
 a - a ring of willpower (right hand)
 f - a ring of fire
 l - a +6 ring of dexterity
 t - a ring of resist corrosion
 v - the ring "Fetsaph" (left hand) {Will- rCorr AC+4 Int+5}
   (You found it on level 6 of the Dungeon)

   [ring of protection]

   AC:        It affects your AC (+4).
   Int:       It affects your intelligence (+5).
   rCorr:     It protects you from acid and corrosion.
   Will:      It decreases your willpower.
 z - an amulet of faith (around neck)
Wands
 k - a wand of digging (4)
Scrolls
 n - a scroll of identify
Potions
 d - 2 potions of might
 e - 2 potions of curing
 g - 3 potions of enlightenment
 i - 2 potions of magic
 j - a potion of resistance
 q - a potion of mutation
 s - a potion of attraction
 x - a potion of lignification

Dungeon Overview and Level Annotations

Branches:
Dungeon (8/15)             Temple (1/1) D:5            Lair (3/5) D:8
 Shoals (0/4) Lair:2        Snake (0/4) Lair:2

Altars:
Ashenzari
Cheibriados
Dithmenos
Elyvilon
Fedhas
Gozag
Hepliaklqana
Kikubaaqudgha
Makhleb
Nemelex Xobeh
Okawaru
Qazlal
Ru
Sif Muna
Trog
Uskayaw
Vehumet
Wu Jian
Xom
Yredelemnul
Zin
The Shining One

Shops:
D:6 :

Annotations:
D:3 1 runed translucent door, Crazy Yiuf


Message History

You slash the cane toad! You hit the cane toad. The cane toad stings you!
You hit the cane toad. Your headbutt misses the cane toad.
The cane toad is heavily wounded.
You hit the cane toad but do no damage.
The cane toad stings you but does no damage. x2
You slash the cane toad! You headbutt the cane toad.
The cane toad is almost dead.
You closely miss the cane toad.
The cane toad stings you but does no damage.
You closely miss the cane toad.
The cane toad is almost dead.
You hit the cane toad. The cane toad stings you! The cane toad stings you.
You hit the cane toad but do no damage.
The cane toad is almost dead.
You hit the komodo dragon but do no damage.
You hit the cane toad but do no damage.
You block the cane toad's attack. x2; The komodo dragon bites you!
You barely miss the cane toad. Your headbutt misses the cane toad.
The cane toad is almost dead.
You hit the komodo dragon. You barely miss the cane toad.
The cane toad stings you!
The cane toad stings you but does no damage.
The komodo dragon bites you but does no damage.
You hit the cane toad.
You kill the cane toad!
Okawaru accepts your kill.
You hit the komodo dragon. You slash the cane toad!
You block the cane toad's attack.
You hit the cane toad but do no damage. You headbutt the cane toad.
The cane toad is severely wounded.
You hit the komodo dragon but do no damage.
The komodo dragon bites you but does no damage.
The cane toad stings you!
You barely miss the cane toad.
The cane toad is severely wounded.
You hit the komodo dragon. You block the komodo dragon's attack.
The cane toad stings you!
You die...

#. ... ##......P. #...
##.......## ##.. #.#.....P#
#... ##.......#. #...
##........ ##..
#......##.###.. ..#
####.....#....#...
.....##................. ..
.....%l@................ ..
##....F%................ ..
#...................... ..
........................ #.
.#...^..................
#..#.#..###..#.##....## #
###...#..####..#
...##...##### #. ........#
#.#..###..#......... ..
...P...###....##P..........P#


You could see a komodo dragon and a cane toad.

Vanquished Creatures
  Gastronok (Lair:1)
  2 hydras
  Fannar (Lair:1)
  Nergalle (Lair:3)
  A skyshark (Lair:3)
  Pikel (D:5)
  A lindwurm (Lair:2)
  14 elephants
  A merfolk siren (Lair:2)
  7 cane toads
  Maggie (Lair:1)
  A rime drake (Lair:2)
  5 komodo dragons
  A polar bear (Lair:1)
  Sigmund (D:5)
  A wyvern (Lair:3)
  27 yaks
  3 nagas (Lair:2)
  Duvessa (D:6)
  4 water moccasins
  3 orc warriors
  An ice beast (D:7)
  3 sky beasts
  3 black bears
  12 wolves
  4 centaurs
  2 phantoms
  A kobold brigand (D:8)
  12 bullfrogs
  A gnoll sergeant (D:8)
  A scorpion (D:5)
  Dowan (D:6)
  A howler monkey (D:7)
  4 jellies
  2 orc priests
  4 hounds
  4 iguanas
  A sleepcap (D:7)
  Jessica (D:2)
  6 hell rats (Lair:3)
  Ijyb (D:4)
  6 orc wizards
  Natasha (twice) (D:3)
  21 gnolls
  7 adders
  A white imp (D:8)
  2 dart slugs (D:1)
  34 orcs
  3 bats (D:1)
  6 endoplasms
  5 giant cockroaches
  3 goblins
  10 hobgoblins
  2 jackals (D:3)
  7 kobolds
  4 quokkas
  10 ball pythons
  A frilled lizard (D:1)
  2 rats (D:2)
269 creatures vanquished.

Notes
Turn   | Place    | Note
-------+----------+-------------------------------------------
     0 | D:1      | qw the Gargoyle Fighter began the quest for the Orb.
     0 | D:1      | Reached XP level 1. HP: 14/14 MP: 1/1
     0 | D:1      | 0 ||| qw: Version: 0.3-a-5-g6f28e65
     0 | D:1      | 0 ||| qw: Game counter: 685
     0 | D:1      | 0 ||| qw: Always use a shield: true
     0 | D:1      | 0 ||| qw: God list: Okawaru
     0 | D:1      | 0 ||| qw: Allow faded altars: false
     0 | D:1      | 0 ||| qw: Do Orc after D:15 true
     0 | D:1      | 0 ||| qw: Do second Lair branch before Depths: true
     0 | D:1      | 0 ||| qw: Lair rune preference: random
     0 | D:1      | 0 ||| qw: Plans: Normal, Zot:1-4, Slime:5, God:TSO, Crypt,
                  | Tomb, Abyss, Pan, Hells, Win
     0 | D:1      | 0 ||| PLANNING D:1-11
   121 | D:1      | Reached skill level 2 in Axes
   177 | D:1      | Reached XP level 2. HP: 19/19 MP: 2/2
   497 | D:1      | Found a faded altar of an unknown god.
   625 | D:1      | Reached skill level 3 in Axes
   748 | D:1      | Reached XP level 3. HP: 23/23 MP: 3/3
   860 | D:1      | 860 ||| UPGRADING to +0 cloak.
   865 | D:1      | 865 ||| READING scroll labelled QYASIL VAIFYN HESA.
   866 | D:1      | 866 ||| READING scroll labelled ZOLLAV OSTA.
  1072 | D:2      | Noticed Jessica
  1078 | D:2      | Killed Jessica
  1079 | D:2      | Reached XP level 4. HP: 23/28 MP: 4/4
  1211 | D:2      | Reached skill level 4 in Axes
  1362 | D:2      | 1362 ||| Stepping ~*~*~tactically~*~*~ (stealth).
  1445 | D:2      | Reached XP level 5. HP: 23/32 MP: 5/5
  1610 | D:2      | 1610 ||| UPGRADING to +1 ring mail of willpower.
  1620 | D:2      | 1620 ||| DROPPING +0 scale mail.
  1621 | D:2      | 1621 ||| UPGRADING to +0 chain mail.
  1631 | D:2      | 1631 ||| DROPPING +1 ring mail of willpower.
  1632 | D:2      | 1632 ||| UPGRADING to +0 pair of gloves.
  1637 | D:2      | 1637 ||| READING scroll labelled GOTHAI BUSI.
  1638 | D:2      | 1638 ||| READING scroll labelled RUVAWUEFYP.
  1643 | D:2      | 1643 ||| READING scroll labelled INIEVEA JAXEPT.
  1644 | D:2      | 1644 ||| READING scroll labelled POJIQU PYLURA.
  1677 | D:3      | 1677 ||| Stepping ~*~*~tactically~*~*~ (hiding).
  1712 | D:3      | 1712 ||| DROPPING +0 mace.
  1736 | D:3      | Noticed Natasha
  1737 | D:3      | 1737 ||| Stepping ~*~*~tactically~*~*~ (hiding).
  1746 | D:3      | Killed Natasha
  1763 | D:3      | Reached skill level 5 in Axes
  2027 | D:3      | Found a runed translucent door.
  2028 | D:3      | Noticed Crazy Yiuf
  2053 | D:3      | Noticed Natasha
  2081 | D:3      | Found a shimmering altar of Xom.
  2153 | D:3      | Killed Natasha
  2222 | D:3      | 2222 ||| READING scroll labelled SOLYABL CORI.
  2222 | D:3      | Identified a scroll of acquirement
  2222 | D:3      | 2222 ||| ACQUIRING +7 plate armour of Poor Excuses {rPois
                  | rF+}
  2222 | D:3      | Acquired the +7 plate armour of Poor Excuses {rPois rF+}
  2224 | D:3      | 2224 ||| UPGRADING to +7 plate armour of Poor Excuses
                  | {rPois rF+}.
  2234 | D:3      | 2234 ||| DROPPING +1 robe of resistance.
  2235 | D:3      | 2235 ||| DROPPING +0 chain mail.
  2236 | D:3      | 2236 ||| DRINKING 2 lumpy pink potions.
  2264 | D:4      | Noticed Ijyb
  2265 | D:4      | Paralysed by Ijyb for 4 turns
  2270 | D:4      | Paralysed by Ijyb for 4 turns
  2279 | D:4      | Paralysed by Ijyb for 2 turns
  2284 | D:4      | Reached XP level 6. HP: 29/39 MP: 6/6
  2288 | D:4      | Killed Ijyb
  2752 | D:4      | 2752 ||| Stepping ~*~*~tactically~*~*~ (stealth).
  3241 | D:4      | 3241 ||| READING scroll labelled JOETHI ULURO.
  3242 | D:4      | 3242 ||| DRINKING 2 smoky cyan potions.
  3242 | D:4      | Gained mutation: You passively dampen the noise of your
                  | surroundings. [potion of mutation]
  3242 | D:4      | Gained mutation: Your magical capacity is low. (-10% MP)
                  | [potion of mutation]
  3242 | D:4      | Gained mutation: You have a pair of small horns on your
                  | head. [potion of mutation]
  3243 | D:4      | 3243 ||| DRINKING 3 fizzy inky potions.
  3244 | D:4      | 3244 ||| READING 4 scrolls of identify.
  3244 | D:4      | 3244 ||| IDENTIFYING green potion
  3245 | D:4      | 3245 ||| READING 3 scrolls of identify.
  3245 | D:4      | 3245 ||| IDENTIFYING glowing emerald potion
  3246 | D:4      | 3246 ||| READING 2 scrolls of identify.
  3246 | D:4      | 3246 ||| IDENTIFYING orange potion
  3247 | D:4      | 3247 ||| DROPPING 2 potions of degeneration.
  3273 | D:5      | Entered Level 5 of the Dungeon
  3280 | D:5      | Reached skill level 6 in Axes
  3312 | D:5      | 3312 ||| Stepping ~*~*~tactically~*~*~ (hiding).
  3313 | D:5      | 3313 ||| Stepping ~*~*~tactically~*~*~ (hiding).
  3315 | D:5      | 3315 ||| Stepping ~*~*~tactically~*~*~ (hiding).
  3316 | D:5      | 3316 ||| Stepping ~*~*~tactically~*~*~ (hiding).
  3322 | D:5      | Reached XP level 7. HP: 42/44 MP: 6/6
  3345 | D:5      | 3345 ||| Stepping ~*~*~tactically~*~*~ (hiding).
  3900 | D:5      | Reached skill level 7 in Axes
  3918 | D:5      | Found a staircase to the Ecumenical Temple.
  3919 | D:5      | 3919 ||| PLANNING TEMPLE
  3919 | D:5      | 3919 ||| READING scroll labelled IFIWOO EXTUCHU.
  3923 | D:5      | 3923 ||| Stepping ~*~*~tactically~*~*~ (hiding).
  3925 | D:5      | 3925 ||| Stepping ~*~*~tactically~*~*~ (hiding).
  3937 | D:5      | 3937 ||| Stepping ~*~*~tactically~*~*~ (stealth).
  3941 | D:5      | 3941 ||| Stepping ~*~*~tactically~*~*~ (stealth).
  3957 | Temple   | Entered the Ecumenical Temple
  3957 | Temple   | Found a transporter.
  3957 | Temple   | Found a transporter.
  3959 | Temple   | Found a transporter.
  3959 | Temple   | Found a transporter.
  3969 | Temple   | 3969 ||| PLANNING D:1-11
  4170 | D:5      | Noticed Sigmund
  4172 | D:5      | Noticed Pikel
  4176 | D:5      | Killed Sigmund
  4177 | D:5      | Reached XP level 8. HP: 49/49 MP: 7/7
  4190 | D:5      | Killed Pikel
  4379 | D:5      | 4379 ||| DRINKING 2 potions of curing.
  4379 | D:5      | 4379 ||| (to cure confusion)
  4396 | D:5      | Reached skill level 1 in Dodging
  4504 | D:6      | 4504 ||| Stepping ~*~*~tactically~*~*~ (hiding).
  4545 | D:6      | Found an iron altar of Okawaru.
  4545 | D:6      | Found a faded altar of an unknown god.
  4546 | D:6      | 4546 ||| PLANNING OKAWARU WORSHIP
  4553 | D:6      | Found a hide-covered altar of Uskayaw.
  4556 | D:6      | Became a worshipper of Warmaster Okawaru
  4557 | D:6      | 4557 ||| PLANNING D:1-11
  4560 | D:6      | Found a broken altar of Ashenzari.
  4562 | D:6      | Found a faded altar of an unknown god.
  4632 | D:6      | Noticed Dowan
  4633 | D:6      | 4633 ||| Stepping ~*~*~tactically~*~*~ (hiding).
  4635 | D:6      | 4635 ||| Stepping ~*~*~tactically~*~*~ (hiding).
  4641 | D:6      | Noticed Duvessa
  4649 | D:6      | Killed Dowan
  4650 | D:6      | Reached XP level 9. HP: 34/54 MP: 8/8
  4653 | D:6      | HP: 12/54 [Duvessa/+0 rapier (19)]
  4653 | D:6      | HP: 4/54 [Duvessa/+0 rapier (8)]
  4654 | D:6      | 4654 ||| READING scroll of teleportation.
  4655 | D:6      | 4655 ||| DRINKING 3 potions of heal wounds.
  4656 | D:6      | 4656 ||| DRINKING 2 potions of heal wounds.
  4786 | D:6      | Found Ithilae's Book Emporium.
  4844 | D:6      | 4844 ||| Stepping ~*~*~tactically~*~*~ (stealth).
  4858 | D:6      | Reached skill level 8 in Axes
  5046 | D:6      | Identified the ring "Fetsaph" {Will- rCorr AC+4 Int+5}
  5331 | D:6      | HP: 8/55 [Duvessa/+0 rapier (7)]
  5332 | D:6      | 5332 ||| DRINKING 2 potions of heal wounds.
  5335 | D:6      | Killed Duvessa
  5336 | D:6      | Reached skill level 6 in Fighting
  5527 | D:6      | 5527 ||| UPGRADING to ring of resist corrosion.
  5528 | D:6      | 5528 ||| UPGRADING to +6 ring of dexterity.
  5529 | D:6      | 5529 ||| UPGRADING to ring "Fetsaph" {Will- rCorr AC+4
                  | Int+5}.
  5531 | D:6      | 5531 ||| READING scroll labelled LITREU JEMUODI.
  5599 | D:7      | 5599 ||| READING scroll of acquirement.
  5599 | D:7      | 5599 ||| ACQUIRING -1 pair of boots "Teellol" {rCorr}
  5599 | D:7      | Acquired the -1 pair of boots "Teellol" {rCorr}
  5601 | D:7      | 5601 ||| UPGRADING to -1 pair of boots "Teellol" {rCorr}.
  5618 | D:7      | 5618 ||| Stepping ~*~*~tactically~*~*~ (hiding).
  5638 | D:7      | 5638 ||| DROPPING +0 flail.
  5646 | D:7      | Identified the ring "Niodupp" {Wiz rElec Int+2}
  5732 | D:7      | Identified the +7 chain mail "Kudyaq" {rElec rF- rC+++
                  | Int-4 Dex+4}
  5773 | D:7      | Reached * piety under Okawaru
  5908 | D:7      | Reached skill level 1 in Invocations
  5935 | D:7      | 5935 ||| Stepping ~*~*~tactically~*~*~ (stealth).
  5936 | D:7      | 5936 ||| INVOKING Heroism.
  5942 | D:7      | Reached skill level 9 in Axes
  5957 | D:7      | 5957 ||| Stepping ~*~*~tactically~*~*~ (stealth).
  6009 | D:7      | 6009 ||| Stepping ~*~*~tactically~*~*~ (stealth).
  6247 | D:7      | 6247 ||| Stepping ~*~*~tactically~*~*~ (stealth).
  6279 | D:7      | 6279 ||| INVOKING Heroism.
  6284 | D:7      | Reached skill level 3 in Invocations
  6344 | D:7      | 6344 ||| Stepping ~*~*~tactically~*~*~ (hiding).
  6359 | D:7      | Found an ornate altar of the Wu Jian Council.
  6363 | D:7      | 6363 ||| Stepping ~*~*~tactically~*~*~ (stealth).
  6521 | D:7      | 6521 ||| Stepping ~*~*~tactically~*~*~ (hiding).
  6524 | D:7      | 6524 ||| Stepping ~*~*~tactically~*~*~ (hiding).
  6654 | D:7      | 6654 ||| UPGRADING to amulet of faith.
  6659 | D:7      | 6659 ||| DROPPING ring "Niodupp" {Wiz rElec Int+2}.
  6660 | D:7      | 6660 ||| READING scroll labelled FOMOSE YKARU.
  6661 | D:7      | 6661 ||| DRINKING 2 sedimented silvery potions.
  6766 | D:7      | 6766 ||| READING 2 scrolls of identify.
  6766 | D:7      | 6766 ||| IDENTIFYING puce potion
  6767 | D:7      | 6767 ||| DROPPING potion of berserk rage.
  6822 | D:8      | Found a staircase to the Lair.
  6839 | D:8      | 6839 ||| Stepping ~*~*~tactically~*~*~ (hiding).
  7026 | D:8      | 7026 ||| READING scroll of enchant armour.
  7026 | D:8      | 7026 ||| ENCHANTING +0 pair of gloves.
  7097 | D:8      | Reached XP level 10. HP: 61/61 MP: 11/11
  7133 | D:8      | Reached ** piety under Okawaru
  7189 | D:8      | 7189 ||| INVOKING Heroism.
  7211 | D:8      | 7211 ||| DROPPING +1 mace of holy wrath.
  7212 | D:8      | 7212 ||| DROPPING +0 flail of holy wrath.
  7291 | D:8      | Identified the +0 leather armour of the Evening Star {Str-5
                  | Dex+5}
  7415 | D:8      | 7415 ||| Stepping ~*~*~tactically~*~*~ (hiding).
  7659 | D:8      | 7659 ||| Stepping ~*~*~tactically~*~*~ (hiding).
  7661 | D:8      | 7661 ||| Stepping ~*~*~tactically~*~*~ (hiding).
  7668 | D:8      | 7668 ||| Stepping ~*~*~tactically~*~*~ (hiding).
  7805 | D:8      | 7805 ||| PLANNING LAIR
  7856 | Lair:1   | Entered Level 1 of the Lair of Beasts
  7857 | Lair:1   | 7857 ||| INVOKING Heroism.
  7864 | Lair:1   | Reached skill level 10 in Axes
  7958 | Lair:1   | Noticed Gastronok
  7959 | Lair:1   | 7959 ||| Stepping ~*~*~tactically~*~*~ (hiding).
  7960 | Lair:1   | 7960 ||| INVOKING Heroism.
  7978 | Lair:1   | Killed Gastronok
  7978 | Lair:1   | Reached *** piety under Okawaru
  7979 | Lair:1   | Reached skill level 9 in Fighting
  8022 | Lair:1   | Noticed a cane toad
  8023 | Lair:1   | 8023 ||| INVOKING Heroism.
  8035 | Lair:1   | Killed a cane toad
  8085 | Lair:1   | Reached **** piety under Okawaru
  8141 | Lair:1   | You fall into a shaft and drop 1 floor!
  8151 | Lair:1   | Noticed an elephant
  8151 | Lair:1   | Noticed an elephant
  8152 | Lair:1   | Noticed an elephant
  8160 | Lair:1   | Killed an elephant
  8161 | Lair:1   | Reached XP level 11. HP: 69/71 MP: 11/13
  8238 | Lair:1   | Noticed Maggie
  8239 | Lair:1   | 8239 ||| Stepping ~*~*~tactically~*~*~ (hiding).
  8240 | Lair:1   | 8240 ||| Stepping ~*~*~tactically~*~*~ (hiding).
  8260 | Lair:1   | Killed Maggie
  8353 | Lair:1   | Reached skill level 6 in Invocations
  8372 | Lair:1   | Reached skill level 11 in Axes
  8373 | Lair:1   | Reached ***** piety under Okawaru
  8407 | Lair:1   | 8407 ||| INVOKING Heroism.
  8607 | Lair:1   | 8607 ||| INVOKING Heroism.
  8674 | Lair:1   | 8674 ||| INVOKING Heroism.
  8715 | Lair:1   | Noticed Fannar
  8722 | Lair:1   | 8722 ||| INVOKING Heroism.
  8736 | Lair:1   | Killed Fannar
  8736 | Lair:1   | Identified the +5 quick blade of Kamiaw {vamp, Fly rN+}
                  | (Okawaru gifted it to you on level 1 of the Lair of Beasts)
  8736 | Lair:1   | Received a gift from Okawaru
  9079 | Lair:1   | 9079 ||| INVOKING Heroism.
  9255 | Lair:1   | 9255 ||| READING 2 scrolls of identify.
  9255 | Lair:1   | 9255 ||| IDENTIFYING fizzy silvery potion
  9256 | Lair:1   | 9256 ||| DROPPING potion of invisibility.
  9300 | Lair:2   | 9300 ||| Stepping ~*~*~tactically~*~*~ (stealth).
  9301 | Lair:2   | 9301 ||| Stepping ~*~*~tactically~*~*~ (stealth).
  9315 | Lair:2   | 9315 ||| INVOKING Heroism.
  9403 | Lair:2   | 9403 ||| FLEEEEING.
  9404 | Lair:2   | 9404 ||| FLEEEEING.
  9405 | Lair:2   | 9405 ||| STAIRDANCE
  9487 | Lair:2   | 9487 ||| INVOKING Heroism.
  9500 | Lair:2   | Reached skill level 9 in Invocations
  9500 | Lair:2   | Reached XP level 12. HP: 50/76 MP: 14/16
  9513 | Lair:2   | Reached skill level 12 in Axes
  9662 | Lair:2   | Found a staircase to the Snake Pit.
  9672 | Lair:2   | 9672 ||| INVOKING Heroism.
  9675 | Lair:2   | HP: 17/76 [naga/+0 battleaxe (9)]
  9676 | Lair:2   | 9676 ||| DRINKING 3 potions of heal wounds.
  9680 | Lair:2   | 9680 ||| DRINKING 2 potions of heal wounds.
  9682 | Lair:2   | HP: 19/76 [naga/+0 battleaxe (10)]
  9683 | Lair:2   | 9683 ||| DRINKING potion of heal wounds.
  9811 | Lair:2   | 9811 ||| Stepping ~*~*~tactically~*~*~ (water).
  9949 | Lair:2   | 9949 ||| INVOKING Heroism.
 10042 | Lair:2   | 10042 ||| INVOKING Heroism.
 10080 | Lair:2   | 10080 ||| INVOKING Heroism.
 10144 | Lair:2   | 10144 ||| UPGRADING to ring of willpower.
 10172 | Lair:2   | Noticed an eight-headed hydra
 10173 | Lair:2   | 10173 ||| Stepping ~*~*~tactically~*~*~ (hiding).
 10174 | Lair:2   | 10174 ||| INVOKING Heroism.
 10175 | Lair:2   | 10175 ||| INVOKING Finesse.
 10177 | Lair:2   | 10177 ||| SWAPPING to +2 morningstar of protection.
 10189 | Lair:2   | Killed an eight-headed hydra
 10190 | Lair:2   | 10190 ||| SWAPPING to +0 war axe.
 10195 | Lair:2   | Reached skill level 9 in Armour
 10255 | Lair:2   | 10255 ||| Stepping ~*~*~tactically~*~*~ (stealth).
 10257 | Lair:2   | 10257 ||| INVOKING Heroism.
 10315 | Lair:2   | Found a staircase to the Shoals.
 10331 | Lair:2   | Reached skill level 6 in Shields
 10722 | Lair:2   | 10722 ||| INVOKING Heroism.
 10766 | Lair:2   | 10766 ||| READING scroll labelled KUAMEXKAESA.
 10767 | Lair:2   | 10767 ||| READING scroll labelled OKKOAD RYEGUCAENE.
 10768 | Lair:2   | 10768 ||| READING 3 scrolls of identify.
 10768 | Lair:2   | 10768 ||| IDENTIFYING silvery potion
 10769 | Lair:2   | 10769 ||| READING 2 scrolls of identify.
 10769 | Lair:2   | 10769 ||| IDENTIFYING inky potion
 10812 | Lair:3   | Noticed a six-headed hydra
 10813 | Lair:3   | 10813 ||| INVOKING Heroism.
 10814 | Lair:3   | 10814 ||| INVOKING Finesse.
 10823 | Lair:3   | 10823 ||| SWAPPING to +2 morningstar of protection.
 10826 | Lair:3   | Killed a six-headed hydra
 10826 | Lair:3   | Received a gift from Okawaru
 10827 | Lair:3   | 10827 ||| SWAPPING to +0 war axe.
 10999 | Lair:3   | Noticed a skyshark
 11011 | Lair:3   | Killed a skyshark
 11026 | Lair:3   | 11026 ||| INVOKING Heroism.
 11160 | Lair:3   | 11160 ||| INVOKING Heroism.
 11169 | Lair:3   | HP: 17/77 [hell rat (11)]
 11170 | Lair:3   | 11170 ||| READING scroll of teleportation.
 11171 | Lair:3   | 11171 ||| DRINKING potion of heal wounds.
 11433 | Lair:3   | Noticed Nergalle
 11434 | Lair:3   | 11434 ||| INVOKING Heroism.
 11464 | Lair:3   | Killed Nergalle
 11574 | Lair:3   | Reached skill level 13 in Axes
 11581 | Lair:3   | Received a gift from Okawaru
 11686 | Lair:3   | 11686 ||| Stepping ~*~*~tactically~*~*~ (stealth).
 11704 | Lair:3   | Reached XP level 13. HP: 68/82 MP: 18/18
 11707 | Lair:3   | 11707 ||| INVOKING Heroism.
 11894 | Lair:3   | 11894 ||| INVOKING Heroism.
 11910 | Lair:3   | HP: 11/82 [cane toad (13)]
 11911 | Lair:3   | Slain by a cane toad

Levels and vault maps discovered:
D:1:      mrwooster_arrival_arrow, layout_basic,
          hellmonk_ecumenical_altar_inner_sanctum
D:2:      layout_basic, grunt_ministairs_4, kennysheep_generic_room_15,
          uniq_jessica
D:3:      layout_rooms, xom_teletrap_fun, uniq_natasha, uniq_crazy_yiuf_cottage
D:4:      minmay_chambers_of_twos, layout_cave_pods, nicolae_figureground_pulse,
          uniq_ijyb
D:5:      layout_gridville, minmay_temple_entry_statues_pillars, uniq_pikel,
          uniq_sigmund
D:6:      layout_loops_ring, chequers_temple_overflow_minitemple, serial_shops,
          shop, uniq_duvessa
D:7:      nicolae_cairo_tiling_large_dashed, layout_basic,
          mainiacjoe_overflow_alcove_4
D:8:      layout_basic, dpeg_oklobed_lair, st_stairs_1
Temple:   hellmonk_temple_divided_pantheon
Lair:1:   layout_roguey, uniq_fannar, uniq_gastronok, uniq_maggie
Lair:2:   layout_gridlike, minmay_shoals_entry_lonely_mermaid,
          guppyfry_snake_entry_island, lemuel_fruit_tree
Lair:3:   layout_regular_city, beast_lair_carwin_3, grunt_megastairs_1,
          uniq_nergalle

Skill      XL: |  1  2  3  4  5  6  7  8  9 10 11 12 13 |
---------------+----------------------------------------+-----
Axes           | 2 3 4 5 6 7 9 10 11 13 | 13.1
Fighting       | 4 5 6 9 10 | 10.0
Armour         | 4 7 8 9 10 | 10.0
Throwing       | 2 |  2.5
Dodging        | 1 2 |  2.0
Invocations    | 4 9 10 | 10.1
Shields        | 4 5 6 |  6.2

Action                     |  1- 3 |  4- 6 |  7- 9 | 10-12 | 13-15 || total
---------------------------+-------+-------+-------+-------+-------++-------
  Melee: War axe           |    83 |   180 |   278 |   585 |    29 ||  1155
         Headbutt          |       |     2 |    51 |   160 |     4 ||   217
         Morningstar       |       |       |       |    14 |       ||    14
  Throw: Boomerang         |       |    20 |    77 |    94 |     6 ||   197
         Javelin           |       |    20 |       |     2 |       ||    22
 Invoke: Heroism           |       |       |     2 |    22 |     2 ||    26
         Finesse           |       |       |       |     2 |       ||     2
    Use: Scroll            |     2 |     9 |     7 |     6 |       ||    24
         Potion            |       |     3 |     5 |     4 |       ||    12
 Armour: Scale mail        |    46 |    21 |       |       |       ||    67
         Chain mail        |       |    40 |       |       |       ||    40
         Plate armour      |       |    75 |   218 |   491 |    18 ||   802
  Dodge: Dodged            |    42 |    70 |    82 |   243 |     6 ||   443
  Block: Buckler           |     9 |    37 |    55 |   164 |     5 ||   270

Table legend:
 A = Non-vault XP
 B = Vault XP
 C = Vault XP percentage of total XP
 D = Non-vault monster count
 E = Vault monster count
 F = Vault count percentage of total count
                 A         B        C        D         E       F
            +---------+---------+-------+---------+---------+-------
      Total |   25432 |    8308 |  24.6 |     230 |      39 |  14.5
            +---------+---------+-------+---------+---------+-------
        D:1 |      35 |       0 |   0.0 |      17 |       0 |   0.0
        D:2 |     102 |      43 |  29.7 |      17 |       4 |  19.0
        D:3 |      79 |      35 |  30.7 |      11 |       1 |   8.3
        D:4 |     196 |      89 |  31.2 |      22 |       9 |  29.0
        D:5 |     692 |     911 |  56.8 |      28 |       2 |   6.7
        D:6 |     510 |     216 |  29.8 |      13 |       2 |  13.3
        D:7 |    1279 |       0 |   0.0 |      23 |       0 |   0.0
        D:8 |    1685 |     299 |  15.1 |      23 |       3 |  11.5
     Lair:1 |    6816 |    2772 |  28.9 |      22 |       3 |  12.0
     Lair:2 |    8487 |     976 |  10.3 |      27 |       4 |  12.9
     Lair:3 |    5551 |    2967 |  34.8 |      27 |      11 |  28.9
            +---------+---------+-------+---------+---------+-------
